 Dungeon Crawl Stone Soup version 0.27.1-4-g1640c2035a (webtiles) character file.

Game seed: 10819845152622625644

5170 MisterFreud the Quickloader (level 10, -6/76 HPs)
             Began as a Gnoll Wanderer on Nov 8, 2021.
             Was a High Priest of Lugonu.
             Mangled by an ice beast (9 damage)
             ... summoned by an ice statue
             ... on level 9 of the Dungeon.
             The game lasted 00:15:42 (11524 turns).

MisterFreud the Quickloader (Gnoll Wanderer)       Turns: 11524, Time: 00:15:43

Health: -6/76      AC:  9    Str: 11    XL:     10   Next: 59%
Magic:  14/18      EV: 10    Int: 14    God:    Lugonu [*****.]
Gold:   553        SH:  5    Dex: 13    Spells: 19/19 levels left

rFire    . . .     SeeInvis .   b - +3 morningstar
rCold    . . .     Faith    .   (no shield)
rNeg     . . .     Spirit   .   e - +0 scale mail
rPois    +         Reflect  +   (no helmet)
rElec    .         Harm     .   M - +0 cloak
rCorr    .         Rampage  .   (no gloves)
Will     .....                  (no boots)
Stlth    ++........             D - amulet of reflection
HPRegen  0.22/turn              i - +4 ring of slaying
MPRegen  0.16/turn              C - ring of poison resistance

@: no status effects
A: fangs 1, strong nose, distributed training
a: Renounce Religion, Depart the Abyss, Bend Space, Banish, Corrupt, Enter the
Abyss


You were on level 9 of the Dungeon.
You worshipped Lugonu.
Lugonu was extremely pleased with you.
You visited 1 branch of the dungeon, and saw 9 of its levels.

You collected 553 gold pieces.

Inventory:

Hand Weapons
 a - a +2 hand crossbow
 b - a +3 morningstar (weapon)
 h - a +0 dagger
 y - the +8 arbalest of the Shore {elec, rCorr Str+2 Int-3}
   (You acquired it on level 7 of the Dungeon)

   Any ammunition fired from it occasionally discharges a powerful burst of
   electricity upon striking a foe.
   Str:       It affects your strength (+2).
   Int:       It affects your intelligence (-3).
   rCorr:     It protects you from acid and corrosion.
 B - the +7 hunting sling of the Hungering Rat {freeze, rPois Will+ Str+3}
   (You acquired it on level 7 of the Dungeon)

   Any ammunition fired from it freezes those it strikes, dealing additional
   cold damage.
   It can also slow down cold-blooded creatures.
   Str:       It affects your strength (+3).
   rPois:     It protects you from poison.
   Will:      It increases your willpower.
 E - a +0 trident of venom
Missiles
 q - 41 bolts
 s - 10 boomerangs (quivered)
 z - 5 datura-tipped darts
 K - 2 throwing nets
 Q - a curare-tipped dart
Armour
 d - a +0 ring mail
 e - a +0 scale mail (worn)
 p - a +0 crystal plate armour
 J - a +0 buckler
 M - a +0 cloak (worn)
Jewellery
 i - a +4 ring of slaying (left hand)
 m - a ring of willpower
 u - a ring of willpower
 C - a ring of poison resistance (right hand)
 D - an amulet of reflection (around neck)
 G - a ring of ice
 P - a ring of fire
Wands
 v - a wand of polymorph (8)
 w - a wand of charming (11)
 x - a wand of digging (6)
Scrolls
 c - 6 scrolls of teleportation
 f - a scroll of torment {unknown}
 j - 2 scrolls of enchant armour
 k - a scroll of fog {unknown}
 l - a scroll of brand weapon {unknown}
 n - 2 scrolls of blinking {unknown}
 o - a scroll of fear {unknown}
 F - 2 scrolls of identify
 L - a scroll of silence {unknown}
 N - 2 scrolls of vulnerability {unknown}
 R - a scroll of amnesia {unknown}
Potions
 g - 2 potions of lignification
 r - 2 potions of mutation
 t - a potion of flight
 A - 2 potions of might
 H - a potion of curing
 I - a potion of haste {unknown}
 O - a potion of invisibility


   Skills:
 + Level 6.1 Fighting
 + Level 5.4 Short Blades
 + Level 5.4 Long Blades
 + Level 5.4 Axes
 + Level 5.4 Maces & Flails
 + Level 5.4 Polearms
 + Level 5.4 Staves
 + Level 5.4 Slings
 + Level 5.4 Bows
 + Level 10.1 Crossbows
 + Level 5.4 Throwing
 + Level 8.6 Armour
 + Level 5.4 Dodging
 + Level 6.0 Stealth
 + Level 5.4 Shields
 + Level 5.4 Unarmed Combat
 + Level 5.4 Spellcasting
 + Level 4.4 Conjurations
 + Level 4.4 Hexes
 + Level 4.4 Summonings
 + Level 4.4 Necromancy
 + Level 4.4 Translocations
 + Level 4.4 Transmutations
 + Level 4.4 Fire Magic
 + Level 4.4 Ice Magic
 + Level 4.4 Air Magic
 + Level 4.4 Earth Magic
 + Level 4.4 Poison Magic
 + Level 6.0 Invocations
 + Level 6.1 Evocations


You had 19 spell levels left.
You didn't know any spells.
Your spell library contained the following spells:

 Spells                   Type           Power      Damage    Failure   Level
 Sting                    Tmut/Pois      64%        1d6       12%         1
 Poisonous Vapours        Pois/Air       32%        N/A       17%         2
 Olgreb's Toxic Radiance  Pois           16%        N/A       75%         4
 Blade Hands              Tmut           8%         N/A       97%         5
 Irradiate                Conj/Tmut      8%         3d16      97%         5
 Dragon Form              Tmut           8%         N/A       100%        7


Dungeon Overview and Level Annotations

Branches:
Dungeon (9/15)             Temple (0/1) D:7            Lair (0/6) D:8
    Orc: D:9-12

Altars:
Hepliaklqana
Nemelex Xobeh
Qazlal
Wu Jian
Xom
The Shining One
Lugonu

Shops:
D:7 :

Annotations:
D:9 exclusion: ice statue


Innate Abilities, Weirdness & Mutations

You have very sharp teeth.
Your uncanny sense of smell can sniff out nearby items.
Your experience applies equally to all skills.


Message History

An orc warrior comes into view. It is wielding a +0 trident.
The ice beast completely misses you. The ice beast hits you.
The ice beast freezes you!
An orc wizard comes into view. It is wielding a +0 dagger.
The orc warrior shouts!
The orc wizard shouts!
The orc closely misses you.
An orc comes into view. It is wielding a +0 club.
Really attack while wielding your +2 hand crossbow?
Okay, then.
b - a +3 morningstar (weapon)
The orc shouts!
The orc hits you but does no damage. The ice beast hits you.
The ice beast freezes you.
You puncture the orc!
You kill the orc!
Lugonu accepts your kill.
The ice beast hits you but does no damage.
The ice beast hits you. The ice beast freezes you!
You sock the orc!
You kill the orc!
Lugonu accepts your kill. The ice beast hits you. The ice beast freezes you!
The ice beast hits you. The ice beast freezes you!
* * * LOW HITPOINT WARNING * * *
The ice beast hits you.
* * * LOW HITPOINT WARNING * * *
The ice beast freezes you!
* * * LOW HITPOINT WARNING * * *
The orc warrior hits you but does no damage.
Unknown command.
Unknown command.
Unknown command.
Press: ? - help, Shift-Dir - straight line, f - orc warrior, p - ice beast
Aim: an orc warrior, wielding a +0 trident and wearing a +0 chain mail (chance to affect: 84%)
The orc warrior is devoured by a tear in reality.
Lugonu claims a new guest.
The ice beast barely misses you. The ice beast hits you.
* * * LOW HITPOINT WARNING * * *
The ice beast freezes you!
You die...

######### #⌠.....≈≈ .. ##......≈≈
.... #.......≈8 .... #..(.(.(≈≈
...######.⌠.....≈≈
+#........########
........#.#########
...#....#YY@§§oo...
.###+#....#.Y##<.#########
...........###..# .##......###
...........'....# .#.........
...........#....+ ∆ #.........
...........#....# #.........
...........###########)........
.....................)))....#####
............................#....


You could see 3 ice beasts.

Vanquished Creatures
  Pikel (D:6)
  A hornet (D:7)
  2 wyverns
  A yak (D:8)
  2 steam dragons
  A water moccasin (D:8)
  A necrophage (D:6)
  5 orc warriors
  2 black bears
  5 centaurs
  A sky beast (D:7)
  3 ogres
  A lemure (D:6)
  A phantom (D:6)
  A kobold brigand (D:9)
  A gnoll sergeant (D:8)
  2 bullfrogs
  A water moccasin zombie (D:5)
  2 scorpions
  A water moccasin skeleton (D:5)
  3 killer bees (D:8)
  10 wights
  A vampire bat (D:9)
  A howler monkey (D:8)
  3 centaur zombies
  3 hounds
  2 jellies (D:6)
  2 centaur skeletons
  3 orc priests (D:5)
  A bullfrog skeleton (D:6)
  A gnoll shaman (D:7)
  10 orc wizards
  3 iguanas
  A killer bee zombie (D:7)
  A hound zombie (D:5)
  A hound skeleton (D:4)
  A howler monkey zombie (D:7)
  3 howler monkey skeletons
  8 gnolls
  A shadow imp (D:5)
  2 white imps (D:7)
  2 ufetubi (D:5)
  An adder skeleton (D:4)
  2 worms (D:2)
  4 dart slugs
  34 orcs
  7 ball pythons
  12 bats
  4 endoplasms
  5 giant cockroaches
  7 hobgoblins
  4 jackals
  5 kobolds
  2 quokkas (D:1)
  4 frilled lizards
  5 goblins
  A rat (D:2)
195 creatures vanquished.

Vanquished Creatures (others)
  An orc wizard (D:6)
  21 fungi (D:8)
  18 plants (D:8)
40 creatures vanquished.

Grand Total: 235 creatures vanquished

Notes
Turn   | Place    | Note
-------+----------+-------------------------------------------
     0 | D:1      | MisterFreud the Gnoll Wanderer began the quest for the Orb.
     0 | D:1      | MisterFreud set off with the following items: a +2 hand
                  | crossbow, 24 bolts, a scroll of teleportation, a +0 ring
                  | mail
     0 | D:1      | Reached XP level 1. HP: 17/17 MP: 1/1
   164 | D:1      | Reached XP level 2. HP: 23/23 MP: 2/2
   409 | D:1      | Reached XP level 3. HP: 28/28 MP: 3/3
   973 | D:2      | Reached skill level 1 in Invocations
  1104 | D:2      | Reached skill level 1 in Short Blades
  1104 | D:2      | Reached skill level 1 in Long Blades
  1104 | D:2      | Reached skill level 1 in Axes
  1104 | D:2      | Reached skill level 1 in Maces & Flails
  1104 | D:2      | Reached skill level 1 in Polearms
  1104 | D:2      | Reached skill level 1 in Staves
  1104 | D:2      | Reached skill level 1 in Slings
  1104 | D:2      | Reached skill level 1 in Bows
  1104 | D:2      | Reached skill level 1 in Throwing
  1104 | D:2      | Reached skill level 1 in Dodging
  1104 | D:2      | Reached skill level 1 in Shields
  1104 | D:2      | Reached skill level 1 in Unarmed Combat
  1104 | D:2      | Reached skill level 1 in Spellcasting
  1334 | D:2      | Found a faded altar of an unknown god.
  1345 | D:2      | Became a worshipper of Lugonu the Unformed
  1345 | D:2      | Reached * piety under Lugonu
  1345 | D:2      | Reached ** piety under Lugonu
  1543 | D:3      | Reached XP level 4. HP: 34/34 MP: 5/5
  1797 | D:3      | Reached skill level 1 in Conjurations
  1797 | D:3      | Reached skill level 1 in Hexes
  1797 | D:3      | Reached skill level 1 in Summonings
  1797 | D:3      | Reached skill level 1 in Necromancy
  1797 | D:3      | Reached skill level 1 in Translocations
  1797 | D:3      | Reached skill level 1 in Transmutations
  1797 | D:3      | Reached skill level 1 in Fire Magic
  1797 | D:3      | Reached skill level 1 in Ice Magic
  1797 | D:3      | Reached skill level 1 in Air Magic
  1797 | D:3      | Reached skill level 1 in Earth Magic
  1797 | D:3      | Reached skill level 1 in Poison Magic
  2243 | D:3      | You fall into a shaft and drop 2 floors!
  2243 | D:5      | Entered Level 5 of the Dungeon
  2258 | D:5      | Reached XP level 5. HP: 31/41 MP: 5/7
  2391 | D:5      | Found a glowing golden altar of the Shining One.
  2445 | D:5      | Reached XP level 6. HP: 4/47 MP: 8/8
  3012 | D:4      | Reached XP level 7. HP: 52/52 MP: 10/10
  3351 | D:4      | Reached *** piety under Lugonu
  4603 | D:5      | Found a hazy altar of Hepliaklqana.
  4606 | D:5      | Found a stormy altar of Qazlal.
  4609 | D:5      | Found a sparkling altar of Nemelex Xobeh.
  4670 | D:5      | Reached skill level 9 in Crossbows
  4830 | D:5      | Found a shimmering altar of Xom.
  5154 | D:5      | Reached XP level 8. HP: 56/60 MP: 12/12
  6556 | D:6      | Noticed Pikel
  6598 | D:6      | Killed Pikel
  6599 | D:6      | Reached XP level 9. HP: 17/67 MP: 13/15
  7595 | D:7      | Reached skill level 5 in Fighting
  7595 | D:7      | Reached skill level 5 in Evocations
  8199 | D:7      | Reached skill level 5 in Stealth
  8285 | D:7      | Noticed a hornet
  8325 | D:7      | Found an ornate altar of the Wu Jian Council.
  8394 | D:7      | Reached skill level 5 in Invocations
  8520 | D:7      | Reached **** piety under Lugonu
  8958 | D:7      | Identified 2 scrolls of acquirement
  8958 | D:7      | Acquired the +7 hunting sling of the Hungering Rat {freeze,
                  | rPois Will+ Str+3}
  9076 | D:7      | Killed a hornet
  9136 | D:7      | Reached XP level 10. HP: 74/74 MP: 17/17
  9225 | D:7      | Found Ymetor's Book Emporium.
  9369 | D:7      | Identified the +10 long sword of Ambiguity {protect, rC+
                  | rCorr Str-3 Int+7}
  9486 | D:7      | Found a staircase to the Ecumenical Temple.
  9532 | D:7      | Acquired the +8 arbalest of the Shore {elec, rCorr Str+2
                  | Int-3}
  9740 | D:8      | Reached skill level 5 in Short Blades
  9740 | D:8      | Reached skill level 5 in Long Blades
  9740 | D:8      | Reached skill level 5 in Axes
  9740 | D:8      | Reached skill level 5 in Maces & Flails
  9740 | D:8      | Reached skill level 5 in Polearms
  9740 | D:8      | Reached skill level 5 in Staves
  9740 | D:8      | Reached skill level 5 in Slings
  9740 | D:8      | Reached skill level 5 in Bows
  9740 | D:8      | Reached skill level 5 in Throwing
  9740 | D:8      | Reached skill level 5 in Dodging
  9740 | D:8      | Reached skill level 5 in Shields
  9740 | D:8      | Reached skill level 5 in Unarmed Combat
  9740 | D:8      | Reached skill level 5 in Spellcasting
  9930 | D:8      | Reached skill level 10 in Crossbows
 10414 | D:8      | Found a staircase to the Lair.
 10594 | D:9      | Reached ***** piety under Lugonu
 11502 | D:9      | Noticed an ice statue
 11524 | D:9      | HP: 3/76 [ice beast[an ice statue] (2)]
 11524 | D:9      | Mangled by an ice beast

Illustrated notes

Levels and vault maps discovered:
D:1:      lightli_arrival_maybe_door_vault, layout_basic, minmay_fountain_box
D:2:      layout_basic, hellmonk_ecumenical_altar_lost_god,
          kennysheep_decorative_pillar
D:3:      layout_basic, serial_forest, infiniplex_forest_lined_corner,
          infiniplex_forest_end_3, infiniplex_forest_end_1,
          infiniplex_forest_clump_diagonal, infiniplex_forest_lined_room_3,
          infiniplex_forest_end_3, chequers_serial_rivers_large_a
D:4:      layout_cave_pods, chequers_serial_rivers_micro_e, minivault_24
D:5:      layout_basic, minmay_overflow_temple_star_quad,
          hangedman_feature_mirror, minmay_hedge_maze, serial_bayou_pond_a
D:6:      layout_cave_pools, uniq_pikel
D:7:      layout_rooms, pdpol_wu_jian_five_deadly_venoms,
          minmay_temple_entry_hall, minmay_crystal_room,
          nicolae_take_the_stairs, grunt_potential
D:8:      layout_rooms, grunt_lair_entry_orc_guard_hut,
          chequers_serial_rivers_micro_d
D:9:      lemuel_ice_statue, layout_gridville, roderic_batcave

Skill      XL: |  1  2  3  4  5  6  7  8  9 10 |
---------------+-------------------------------+-----
Invocations    | 1 2 3 4 5 6 |  6.0
Short Blades   | 1 2 4 5 |  5.4
Long Blades    | 1 2 4 5 |  5.4
Axes           | 1 2 4 5 |  5.4
Maces & Flails | 1 2 4 5 |  5.4
Polearms       | 1 2 4 5 |  5.4
Staves         | 1 2 4 5 |  5.4
Slings         | 1 2 4 5 |  5.4
Bows           | 1 2 4 5 |  5.4
Throwing       | 1 2 4 5 |  5.4
Dodging        | 1 2 4 5 |  5.4
Shields        | 1 2 4 5 |  5.4
Unarmed Combat | 1 2 4 5 |  5.4
Spellcasting   | 1 2 4 5 |  5.4
Conjurations   | 1 2 3 4 |  4.4
Hexes          | 1 2 3 4 |  4.4
Summonings     | 1 2 3 4 |  4.4
Necromancy     | 1 2 3 4 |  4.4
Translocations | 1 2 3 4 |  4.4
Transmutations | 1 2 3 4 |  4.4
Fire Magic     | 1 2 3 4 |  4.4
Ice Magic      | 1 2 3 4 |  4.4
Air Magic      | 1 2 3 4 |  4.4
Earth Magic    | 1 2 3 4 |  4.4
Poison Magic   | 1 2 3 4 |  4.4
Fighting       | 3 4 5 6 |  6.1
Evocations     | 3 4 5 6 |  6.1
Stealth        | 3 4 5 6 |  6.0
Armour         | 7 8 |  8.6
Crossbows      | 9 10 | 10.1

Action                   |  1- 3 |  4- 6 |  7- 9 | 10-12 || total
-------------------------+-------+-------+-------+-------++-------
Melee: Trident           |       |    18 |    55 |       ||    73
       Bite              |       |     2 |     5 |       ||     7
       Hand crossbow     |       |       |     1 |       ||     1
       Punch             |       |       |     1 |       ||     1
       Morningstar       |       |       |    30 |     2 ||    32
 Fire: Hand crossbow     |    81 |    75 |   271 |   174 ||   601
Throw: Boomerang         |       |       |    10 |       ||    10
Invok: Banish            |       |       |       |     1 ||     1
  Use: Scroll            |       |       |    11 |     1 ||    12
       Potion            |       |       |     3 |       ||     3
Armor: Ring mail         |     1 |       |       |       ||     1
       Scale mail        |     6 |    25 |    90 |    19 ||   140
       Skin              |       |       |     6 |       ||     6
Dodge: Dodged            |     5 |    14 |    89 |    35 ||   143
Block: Other             |       |       |    18 |    14 ||    32
       Reflection        |       |       |     1 |     2 ||     3
